 Dungeon Crawl Stone Soup version 0.25.1-2-g60ff931df9 (webtiles) character file.

Game seed: 1332152802928911634

71 Acheron the Magician (level 4, -7/34 HPs)
             Began as a Hill Orc Wizard on Oct 20, 2020.
             Mangled by a centaur (10 damage)
             ... on level 5 of the Dungeon.
             The game lasted 00:13:46 (2472 turns).

Acheron the Magician (Hill Orc Wizard)              Turns: 2472, Time: 00:13:47

Health: -7/34      AC:  4    Str:  9    XL:     4   Next: 24%
Magic:  8/8        EV: 12    Int: 18    God:
Gold:   180        SH:  0    Dex: 10    Spells: 2/9 levels left

rFire    . . .     SeeInvis .   q - +0 short sword
rCold    . . .     Gourm    .   (no shield)
rNeg     . . .     Faith    .   a - +0 robe
rPois    .         Spirit   .   b - +2 hat
rElec    .         Reflect  .   (no cloak)
rCorr    .         Harm     .   (no gloves)
MR       .....                  (no boots)
Stlth    ++........             p - amulet of regeneration
HPRegen  0.51/turn              (no ring)
MPRegen  0.11/turn              (no ring)

@: no status effects
A: no striking features
a: no special abilities


You were on level 5 of the Dungeon.
You were not hungry.

You visited 1 branch of the dungeon, and saw 5 of its levels.

You collected 180 gold pieces.

Inventory:

Hand Weapons
 g - a +0 club
 i - a +0 dagger
 l - a +0 hunting sling
 o - a +0 spear
 q - a +0 short sword (weapon)
Missiles
 k - 22 sling bullets
 m - 66 stones (quivered)
Armour
 a - a +0 robe (worn)
 b - a +2 hat (worn)
Jewellery
 p - an amulet of regeneration (around neck)
 t - an uncursed amulet of magic regeneration
Scrolls
 e - 3 scrolls of remove curse {unknown}
 h - 2 scrolls of fog {unknown}
 s - 2 scrolls of teleportation
Potions
 c - 2 potions of berserk rage
 j - a potion of resistance
 n - 3 potions of haste
Comestibles
 d - 3 rations
 f - 5 chunks of flesh


   Skills:
 * Level 0.8 Fighting
 + Level 0.2 Short Blades
 + Level 0.3 Maces & Flails
 * Level 1.9 Dodging
 * Level 2.2 Stealth
 * Level 3.0 Spellcasting
 * Level 1.7 Conjurations
 + Level 1.0 Summonings
 + Level 0.7 Translocations


You had 2 spell levels left.
You knew the following spells:

 Your Spells              Type           Power        Failure   Level  Hunger
a - Magic Dart            Conj           #...         9%          1    None
b - Blink                 Tloc           N/A          19%         2    ##.....
c - Call Imp              Summ           #.......     16%         2    ##.....
d - Slow                  Hex            #.......     24%         2    ##.....

Your spell library contained the following spells:

 Spells                   Type           Power        Failure   Level  Hunger
 Conjure Flame            Conj/Fire      #.......     34%         3    ###....
 Mephitic Cloud           Conj/Pois/Air  #.......     36%         3    ###....


Dungeon Overview and Level Annotations

Branches:
Dungeon (5/15)             Temple (0/1) D:4

Altars:

Annotations:
D:2 Natasha


Message History

The centaur is lightly wounded.
The centaur closely misses you. x2
The frilled lizard bites you but does no damage.
You hit the centaur but do no damage.
The centaur is lightly wounded.
The centaur closely misses you. The frilled lizard closely misses you.
You hit the centaur.
The centaur is moderately wounded.
The centaur hits you. The centaur closely misses you.
The frilled lizard bites you but does no damage.
You completely miss the centaur.
The centaur is moderately wounded.
The centaur hits you!
* * * LOW HITPOINT WARNING * * *
The frilled lizard closely misses you. The centaur hits you!
* * * LOW HITPOINT WARNING * * *
You hit the centaur but do no damage.
The centaur is moderately wounded.
The centaur hits you!
You die...

###
#.#############
#.............<
#.#############
# #.# .. #.#
#.#######.#
###.......((#
..(.....@c..#
#########l..#
#.......
#....### #....#
#......
..>...## .....#


You could see a centaur and a frilled lizard.

Vanquished Creatures
  An adder (D:2)
  3 dart slugs
  A leopard gecko (D:1)
  7 bats
  4 giant cockroaches
  8 goblins
  6 hobgoblins
  3 quokkas
  2 ball pythons (D:2)
  3 frilled lizards
  5 kobolds
  A leopard gecko skeleton (D:4)
  6 rats
50 creatures vanquished.

Notes
Turn   | Place    | Note
-------+----------+-------------------------------------------
     0 | D:1      | Acheron the Hill Orc Wizard began the quest for the Orb.
     0 | D:1      | Reached XP level 1. HP: 14/14 MP: 3/3
   334 | D:1      | Reached XP level 2. HP: 18/22 MP: 5/5
   965 | D:2      | Reached skill level 3 in Spellcasting
   965 | D:2      | Reached XP level 3. HP: 9/27 MP: 4/7
  1031 | D:2      | Found a faded altar of an unknown god.
  1594 | D:2      | Noticed Natasha
  1831 | D:1      | Reached XP level 4. HP: 27/34 MP: 8/8
  1847 | D:1      | Learned a level 2 spell: Blink
  1850 | D:1      | Learned a level 2 spell: Call Imp
  1853 | D:1      | Learned a level 2 spell: Slow
  2263 | D:5      | Entered Level 5 of the Dungeon
  2428 | D:4      | Found a staircase to the Ecumenical Temple.
  2428 | D:4      | Noticed an ogre
  2460 | D:5      | Noticed a centaur
  2472 | D:5      | Mangled by a centaur

Illustrated notes

Levels and vault maps discovered:
D:1:      ncdulo_halloftheorcs, layout_basic, st_stairs_9,
          minmay_small_reverse_x
D:2:      layout_basic, chequers_ecumenical_altar_simple, minmay_pentomino_s2,
          uniq_natasha
D:3:      layout_basic, first_ration
D:4:      minmay_angry_zag, layout_layer_cave, temple_green
D:5:      layout_basic, enter_ossuary_1, serial_shops, shop,
          nemelex_lonely_heart_becter, uniq_eustachio, uniq_crazy_yiuf_cottage,
          uniq_ijyb, uniq_grinder

Skill      XL: |  1  2 |
---------------+-------+-----
Stealth        | 2 |  2.2
Spellcasting   | 3 |  3.0
Fighting       | |  0.8
Short Blades   | |  0.2
Maces & Flails | |  0.3
Dodging        | |  1.9
Conjurations   | |  1.7
Summonings     | |  1.0
Translocations | |  0.7

Action                   |  1- 3 |  4- 6 || total
-------------------------+-------+-------++-------
Melee: Club              |    15 |       ||    15
       Dagger            |    45 |       ||    45
       Short sword       |    70 |    48 ||   118
 Fire: Hunting sling     |       |     5 ||     5
 Cast: Magic Dart        |    30 |     1 ||    31
  Use: Scroll            |     3 |     7 ||    10
 Stab: Sleeping          |     2 |       ||     2
  Eat: Chunk             |     3 |     2 ||     5
Armor: Robe              |    35 |    20 ||    55
Dodge: Dodged            |   101 |    39 ||   140
